Workbook

Sheet Assumptions
A1: SAHM · 3-Statement Model — Starter Template
A2: $ millions unless noted · Blue = input · Black = formula · Green = cross-sheet link · For research & education
A4: Revenue — base year (FY0) | B4: 1000
A5: Revenue growth (annual) | B5: 0.1
A6: Gross margin | B6: 0.4
A7: Operating expenses (% of revenue) | B7: 0.2
A8: D&A (% of revenue) | B8: 0.05
A9: Capex (% of revenue) | B9: 0.06
A10: Tax rate | B10: 0.2
A11: Interest rate on debt | B11: 0.06
A12: Days sales outstanding (DSO) | B12: 45
A13: Days inventory outstanding (DIO) | B13: 60
A14: Days payable outstanding (DPO) | B14: 30
A15: Dividend payout (% of net income) | B15: 0.2
... A18: Opening net PP&E (FY0) | B18: 400
A20: Tip: change any blue cell to flex the whole model. The balance check must stay 0.

Sheet Income Statement
A1: Income Statement
A2: $ millions
B3: FY0 | C3: FY1 | D3: FY2 | E3: FY3 | F3: FY4 | G3: FY5
A4: Revenue | B4: =Assumptions!$B$4 -> 1000 | C4: =B4*(1+Assumptions!$B$5) -> 1100 | D4: =C4*(1+Assumptions!$B$5) -> 1210 | E4: =D4*(1+Assumptions!$B$5) -> 1331 | F4: =E4*(1+Assumptions!$B$5) -> 1464.1 | G4: =F4*(1+Assumptions!$B$5) -> 1610.51
A5: COGS | B5: =-B4*(1-Assumptions!$B$6) -> -600 | C5: =-C4*(1-Assumptions!$B$6) -> -660 | D5: =-D4*(1-Assumptions!$B$6) -> -726 | E5: =-E4*(1-Assumptions!$B$6) -> -798.6 | F5: =-F4*(1-Assumptions!$B$6) -> -878.46 | G5: =-G4*(1-Assumptions!$B$6) -> -966.306
A6: Gross Profit | B6: =B4+B5 -> 400 | C6: =C4+C5 -> 440 | D6: =D4+D5 -> 484 | E6: =E4+E5 -> 532.4 | F6: =F4+F5 -> 585.64 | G6: =G4+G5 -> 644.204
A7: Operating Expenses | B7: =-B4*Assumptions!$B$7 -> -200 | C7: =-C4*Assumptions!$B$7 -> -220 | D7: =-D4*Assumptions!$B$7 -> -242 | E7: =-E4*Assumptions!$B$7 -> -266.2 | F7: =-F4*Assumptions!$B$7 -> -292.82 | G7: =-G4*Assumptions!$B$7 -> -322.102
A8: EBITDA | B8: =B6+B7 -> 200 | C8: =C6+C7 -> 220 | D8: =D6+D7 -> 242 | E8: =E6+E7 -> 266.2 | F8: =F6+F7 -> 292.82 | G8: =G6+G7 -> 322.102
A9: D&A | B9: =-B4*Assumptions!$B$8 -> -50 | C9: =-C4*Assumptions!$B$8 -> -55 | D9: =-D4*Assumptions!$B$8 -> -60.5 | E9: =-E4*Assumptions!$B$8 -> -66.55 | F9: =-F4*Assumptions!$B$8 -> -73.205 | G9: =-G4*Assumptions!$B$8 -> -80.5255
A10: EBIT | B10: =B8+B9 -> 150 | C10: =C8+C9 -> 165 | D10: =D8+D9 -> 181.5 | E10: =E8+E9 -> 199.65 | F10: =F8+F9 -> 219.615 | G10: =G8+G9 -> 241.5765
A11: Interest Expense | B11: =-Assumptions!$B$17*Assumptions!$B$11 -> -18 | C11: =-Assumptions!$B$17*Assumptions!$B$11 -> -18 | D11: =-Assumptions!$B$17*Assumptions!$B$11 -> -18 | E11: =-Assumptions!$B$17*Assumptions!$B$11 -> -18 | F11: =-Assumptions!$B$17*Assumptions!$B$11 -> -18 | G11: =-Assumptions!$B$17*Assumptions!$B$11 -> -18
A12: Pre-Tax Income | B12: =B10+B11 -> 132 | C12: =C10+C11 -> 147 | D12: =D10+D11 -> 163.5 | E12: =E10+E11 -> 181.65 | F12: =F10+F11 -> 201.615 | G12: =G10+G11 -> 223.5765
A13: Taxes | B13: =-B12*Assumptions!$B$10 -> -26.4 | C13: =-C12*Assumptions!$B$10 -> -29.4 | D13: =-D12*Assumptions!$B$10 -> -32.7 | E13: =-E12*Assumptions!$B$10 -> -36.33 | F13: =-F12*Assumptions!$B$10 -> -40.323 | G13: =-G12*Assumptions!$B$10 -> -44.7153
A14: Net Income | B14: =B12+B13 -> 105.6 | C14: =C12+C13 -> 117.6 | D14: =D12+D13 -> 130.8 | E14: =E12+E13 -> 145.32 | F14: =F12+F13 -> 161.292 | G14: =G12+G13 -> 178.8612

Sheet Balance Sheet
A1: Balance Sheet
A2: $ millions
B3: FY0 | C3: FY1 | D3: FY2 | E3: FY3 | F3: FY4 | G3: FY5
A4: Cash | B4: =Assumptions!$B$16 -> 100 | C4: =B4+('Income Statement'!C14+(-'Income Statement'!C9)-(C5-B5)-(C6-B6)+(C9-B9))+(-'Income Statement'!C4*Assumptions!$B$9)+(-'Income Statement'!C14*Assumptions!$B$15) -> 165.81973 | D4: =C4+('Income Statement'!D14+(-'Income Statement'!D9)-(D5-C5)-(D6-C6)+(D9-C9))+(-'Income Statement'!D4*Assumptions!$B$9)+(-'Income Statement'!D14*Assumptions!$B$15) -> 239.37342 | E4: =D4+('Income Statement'!E14+(-'Income Statement'!E9)-(E5-D5)-(E6-D6)+(E9-D9))+(-'Income Statement'!E4*Assumptions!$B$9)+(-'Income Statement'!E14*Assumptions!$B$15) -> 321.43449 | F4: =E4+('Income Statement'!F14+(-'Income Statement'!F9)-(F5-E5)-(F6-E6)+(F9-E9))+(-'Income Statement'!F4*Assumptions!$B$9)+(-'Income Statement'!F14*Assumptions!$B$15) -> 412.85367 | G4: =F4+('Income Statement'!G14+(-'Income Statement'!G9)-(G5-F5)-(G6-F6)+(G9-F9))+(-'Income Statement'!G4*Assumptions!$B$9)+(-'Income Statement'!G14*Assumptions!$B$15) -> 514.56676
A5: Accounts Receivable | B5: ='Income Statement'!B4*Assumptions!$B$12/365 -> 123.28767 | C5: ='Income Statement'!C4*Assumptions!$B$12/365 -> 135.61644 | D5: ='Income Statement'!D4*Assumptions!$B$12/365 -> 149.17808 | E5: ='Income Statement'!E4*Assumptions!$B$12/365 -> 164.09589 | F5: ='Income Statement'!F4*Assumptions!$B$12/365 -> 180.50548 | G5: ='Income Statement'!G4*Assumptions!$B$12/365 -> 198.55603
A6: Inventory | B6: =(-'Income Statement'!B5)*Assumptions!$B$13/365 -> 98.630137 | C6: =(-'Income Statement'!C5)*Assumptions!$B$13/365 -> 108.49315 | D6: =(-'Income Statement'!D5)*Assumptions!$B$13/365 -> 119.34247 | E6: =(-'Income Statement'!E5)*Assumptions!$B$13/365 -> 131.27671 | F6: =(-'Income Statement'!F5)*Assumptions!$B$13/365 -> 144.40438 | G6: =(-'Income Statement'!G5)*Assumptions!$B$13/365 -> 158.84482
A7: Net PP&E | B7: =Assumptions!$B$18 -> 400 | C7: =B7+'Income Statement'!C4*Assumptions!$B$9-(-'Income Statement'!C9) -> 411 | D7: =C7+'Income Statement'!D4*Assumptions!$B$9-(-'Income Statement'!D9) -> 423.1 | E7: =D7+'Income Statement'!E4*Assumptions!$B$9-(-'Income Statement'!E9) -> 436.41 | F7: =E7+'Income Statement'!F4*Assumptions!$B$9-(-'Income Statement'!F9) -> 451.051 | G7: =F7+'Income Statement'!G4*Assumptions!$B$9-(-'Income Statement'!G9) -> 467.1561
A8: Total Assets | B8: =B4+B5+B6+B7 -> 721.91781 | C8: =C4+C5+C6+C7 -> 820.92932 | D8: =D4+D5+D6+D7 -> 930.99397 | E8: =E4+E5+E6+E7 -> 1053.2171 | F8: =F4+F5+F6+F7 -> 1188.8145 | G8: =G4+G5+G6+G7 -> 1339.1237
A9: Accounts Payable | B9: =(-'Income Statement'!B5)*Assumptions!$B$14/365 -> 49.315068 | C9: =(-'Income Statement'!C5)*Assumptions!$B$14/365 -> 54.246575 | D9: =(-'Income Statement'!D5)*Assumptions!$B$14/365 -> 59.671233 | E9: =(-'Income Statement'!E5)*Assumptions!$B$14/365 -> 65.638356 | F9: =(-'Income Statement'!F5)*Assumptions!$B$14/365 -> 72.202192 | G9: =(-'Income Statement'!G5)*Assumptions!$B$14/365 -> 79.422411
A10: Debt | B10: =Assumptions!$B$17 -> 300 | C10: =Assumptions!$B$17 -> 300 | D10: =Assumptions!$B$17 -> 300 | E10: =Assumptions!$B$17 -> 300 | F10: =Assumptions!$B$17 -> 300 | G10: =Assumptions!$B$17 -> 300
A11: Equity | B11: =B8-B9-B10 -> 372.60274 | C11: =B11+'Income Statement'!C14-'Income Statement'!C14*Assumptions!$B$15 -> 466.68274 | D11: =C11+'Income Statement'!D14-'Income Statement'!D14*Assumptions!$B$15 -> 571.32274 | E11: =D11+'Income Statement'!E14-'Income Statement'!E14*Assumptions!$B$15 -> 687.57874 | F11: =E11+'Income Statement'!F14-'Income Statement'!F14*Assumptions!$B$15 -> 816.61234 | G11: =F11+'Income Statement'!G14-'Income Statement'!G14*Assumptions!$B$15 -> 959.7013
A12: Total Liab. & Equity | B12: =B9+B10+B11 -> 721.91781 | C12: =C9+C10+C11 -> 820.92932 | D12: =D9+D10+D11 -> 930.99397 | E12: =E9+E10+E11 -> 1053.2171 | F12: =F9+F10+F11 -> 1188.8145 | G12: =G9+G10+G11 -> 1339.1237
A13: Balance Check | B13: =B8-B12 -> 0 | C13: =C8-C12 -> 0 | D13: =D8-D12 -> 0 | E13: =E8-E12 -> 0 | F13: =F8-F12 -> 0 | G13: =G8-G12 -> 0

Sheet Cash Flow
A1: Cash Flow Statement
A2: $ millions
B3: FY0 | C3: FY1 | D3: FY2 | E3: FY3 | F3: FY4 | G3: FY5
A4: Net Income | B4: 0 | C4: ='Income Statement'!C14 -> 117.6 | D4: ='Income Statement'!D14 -> 130.8 | E4: ='Income Statement'!E14 -> 145.32 | F4: ='Income Statement'!F14 -> 161.292 | G4: ='Income Statement'!G14 -> 178.8612
A5: Add: D&A | B5: 0 | C5: =(-'Income Statement'!C9) -> 55 | D5: =(-'Income Statement'!D9) -> 60.5 | E5: =(-'Income Statement'!E9) -> 66.55 | F5: =(-'Income Statement'!F9) -> 73.205 | G5: =(-'Income Statement'!G9) -> 80.5255
A6: Change in Receivables | B6: 0 | C6: =-('Balance Sheet'!C5-'Balance Sheet'!B5) -> -12.328767 | D6: =-('Balance Sheet'!D5-'Balance Sheet'!C5) -> -13.561644 | E6: =-('Balance Sheet'!E5-'Balance Sheet'!D5) -> -14.917808 | F6: =-('Balance Sheet'!F5-'Balance Sheet'!E5) -> -16.409589 | G6: =-('Balance Sheet'!G5-'Balance Sheet'!F5) -> -18.050548
A7: Change in Inventory | B7: 0 | C7: =-('Balance Sheet'!C6-'Balance Sheet'!B6) -> -9.8630137 | D7: =-('Balance Sheet'!D6-'Balance Sheet'!C6) -> -10.849315 | E7: =-('Balance Sheet'!E6-'Balance Sheet'!D6) -> -11.934247 | F7: =-('Balance Sheet'!F6-'Balance Sheet'!E6) -> -13.127671 | G7: =-('Balance Sheet'!G6-'Balance Sheet'!F6) -> -14.440438
A8: Change in Payables | B8: 0 | C8: =('Balance Sheet'!C9-'Balance Sheet'!B9) -> 4.9315068 | D8: =('Balance Sheet'!D9-'Balance Sheet'!C9) -> 5.4246575 | E8: =('Balance Sheet'!E9-'Balance Sheet'!D9) -> 5.9671233 | F8: =('Balance Sheet'!F9-'Balance Sheet'!E9) -> 6.5638356 | G8: =('Balance Sheet'!G9-'Balance Sheet'!F9) -> 7.2202192
A9: Cash from Operations | B9: 0 | C9: =SUM(C4:C8) -> 155.33973 | D9: =SUM(D4:D8) -> 172.3137 | E9: =SUM(E4:E8) -> 190.98507 | F9: =SUM(F4:F8) -> 211.52358 | G9: =SUM(G4:G8) -> 234.11593
A10: Capital Expenditure | B10: 0 | C10: =-'Income Statement'!C4*Assumptions!$B$9 -> -66 | D10: =-'Income Statement'!D4*Assumptions!$B$9 -> -72.6 | E10: =-'Income Statement'!E4*Assumptions!$B$9 -> -79.86 | F10: =-'Income Statement'!F4*Assumptions!$B$9 -> -87.846 | G10: =-'Income Statement'!G4*Assumptions!$B$9 -> -96.6306
A11: Cash from Investing | B11: 0 | C11: =C10 -> -66 | D11: =D10 -> -72.6 | E11: =E10 -> -79.86 | F11: =F10 -> -87.846 | G11: =G10 -> -96.6306
A12: Dividends Paid | B12: 0 | C12: =-'Income Statement'!C14*Assumptions!$B$15 -> -23.52 | D12: =-'Income Statement'!D14*Assumptions!$B$15 -> -26.16 | E12: =-'Income Statement'!E14*Assumptions!$B$15 -> -29.064 | F12: =-'Income Statement'!F14*Assumptions!$B$15 -> -32.2584 | G12: =-'Income Statement'!G14*Assumptions!$B$15 -> -35.77224
A13: Cash from Financing | B13: 0 | C13: =C12 -> -23.52 | D13: =D12 -> -26.16 | E13: =E12 -> -29.064 | F13: =F12 -> -32.2584 | G13: =G12 -> -35.77224
A14: Net Change in Cash | B14: 0 | C14: =C9+C11+C13 -> 65.819726 | D14: =D9+D11+D13 -> 73.553699 | E14: =E9+E11+E13 -> 82.061068 | F14: =F9+F11+F13 -> 91.419175 | G14: =G9+G11+G13 -> 101.71309
A15: Beginning Cash | B15: =Assumptions!$B$16 -> 100 | C15: =B16 -> 100 | D15: =C16 -> 165.81973 | E15: =D16 -> 239.37342 | F15: =E16 -> 321.43449 | G15: =F16 -> 412.85367
A16: Ending Cash | B16: ='Balance Sheet'!B4 -> 100 | C16: =C15+C14 -> 165.81973 | D16: =D15+D14 -> 239.37342 | E16: =E15+E14 -> 321.43449 | F16: =F15+F14 -> 412.85367 | G16: =G15+G14 -> 514.56676
